 Dungeon Crawl Stone Soup version 0.31-a0-920-g28cbb04a8c (webtiles) character file.

Game seed: 10316857430582265846

269 Ekaitz the Sneak (level 6, -3/38 HPs)
             Began as an Octopode Earth Elementalist on Oct 17, 2023.
             Was an Initiate of Vehumet.
             Killed from afar by an orc wizard (11 damage)
             ... with a puff of flame
             ... on level 4 of the Dungeon.
             The game lasted 00:10:55 (2617 turns).

Ekaitz the Sneak (Octopode Earth Elementalist)      Turns: 2617, Time: 00:10:57

Health: -3/38      AC:  1    Str:  7    XL:     6   Next: 22%
Magic:  4/10       EV: 13    Int: 24    God:    Vehumet [......]
Gold:   176        SH:  0    Dex: 14    Spells: 0/10 levels left

rFire   . . .        n - +2 dagger (venom)
rCold   . . .        (no shield)
rNeg    . . .        (helmet restricted)
rPois   .            (no amulet)
rElec   .            o - +6 ring of intelligence
rCorr   .            (no ring)
SInv    .            (no ring)
Will    .....        (no ring)
Stlth   ++++         (no ring)
HPRegen 0.26/turn    (no ring)
MPRegen 0.12/turn    (no ring)
                     (no ring)

%: no passive effects
@: no status effects
A: almost no armour, amphibious, 8 rings, camouflage 1, gelatinous body 1,
(nimble swimmer 1), tentacles
a: Renounce Religion


You were on level 4 of the Dungeon.
You worshipped Vehumet.
Vehumet was noncommittal.
You visited 2 branches of the dungeon, and saw 5 of its levels.

You collected 176 gold pieces.

Inventory:

Hand Weapons
 n - a +2 dagger of venom (weapon)
 s - a +2 dagger of holy wrath
 v - a +2 short sword of speed
Missiles
 u - 5 poisoned darts
Jewellery
 l - the ring of Luh Ecoo {rC+ rN+ Str+6 Int-3 Dex+2}
   (You found it on level 2 of the Dungeon)

   [ring of strength]

   Str+6:     It affects your strength (+6).
   Int-3:     It affects your intelligence (-3).
   Dex+2:     It affects your dexterity (+2).
   rC+:       It protects you from cold.
   rN+:       It protects you from negative energy.
 o - a +6 ring of intelligence (left tentacle)
Talismans
 j - a maw talisman
Wands
 c - a wand of charming (8)
Scrolls
 b - a scroll of enchant weapon {unknown}
 e - a scroll of noise {unknown}
 g - 2 scrolls of teleportation {unknown}
 h - a scroll of poison {unknown}
 m - a scroll of enchant armour {unknown}
 p - a scroll of revelation {unknown}
 r - a scroll of immolation {unknown}
Potions
 a - a potion of magic
 d - 2 potions of curing {unknown}
 f - a potion of mutation {unknown}
 i - a potion of berserk rage {unknown}
 k - a potion of degeneration {unknown}
 q - a potion of haste {unknown}
 t - a potion of lignification {unknown}
 w - a potion of invisibility {unknown}


   Skills:
 * Level 1.2 Fighting
 + Level 0.8 Short Blades
 * Level 2.7 Dodging
 + Level 4.1 Stealth
 + Level 0.4 Unarmed Combat
 + Level 2.7 Spellcasting
 * Level 2.2 Conjurations
 + Level 1.4 Transmutations
 * Level 4.0 Earth Magic
 * Level 1.1 Shapeshifting


You couldn't memorise any spells.
You knew the following spells:

 Your Spells              Type           Power      Damage    Failure   Level
a - Sandblast             Erth           44%        2d11      1%          1
b - Passwall              Tmut/Erth      13%        N/A       5%          2
c - Stone Arrow           Conj/Erth      36%        3d9       10%         3
d - Brom's Barrelling Bo  Conj/Erth      18%        2d4       30%         4

Your spell library contained the following spells:

 Spells                   Type           Power      Damage    Failure   Level
 Scorch                   Fire           6%         2d5       17%         2
 Ignite Poison            Fire/Tmut/Pois 5%         N/A       28%         3
 Petrify                  Tmut/Erth      16%        N/A       34%         4
 Flame Wave               Conj/Fire      8%         2d5       56%         4
 Sticky Flame             Conj/Fire      8%         2d3       56%         4
 Summon Cactus Giant      Summ           1%         N/A       100%        6
 Ignition                 Fire           1%         3d3       100%        8


Dungeon Overview and Level Annotations

Branches:
Dungeon (4/15)             Temple (1/1) D:4

Altars:
Dithmenos
Elyvilon
Gozag
Makhleb
Nemelex Xobeh
Sif Muna
Trog
Uskayaw
Vehumet
Wu Jian
Xom
Zin
The Shining One


Innate Abilities, Weirdness & Mutations

You cannot wear most types of armour.
You are amphibious.
You can wear up to eight rings at the same time.
Your skin changes colour to match your surroundings (Stealth+).
Your rubbery body absorbs attacks. (AC +1, EV +1)
((You are camouflaged when in or above water. (Stealth+)))
You have tentacles for arms and can constrict up to eight enemies at once.


Message History

Vehumet accepts your kill. Something hits you.
A goblin comes into view. It is wielding a +0 dagger.
Your Earth Magic skill increases to level 4!
Casting: Passwall (safe; 5% risk of failure)
Confirm with . or Enter, or press ? or * to list all spells.
Aiming: Stone Arrow (dangerous; 10% risk of failure)
Press: ? - help, Shift-Dir - straight line, f - orc
Aim: an orc, wielding a +0 club and wearing a +0 ring mail (72% to hit)
The stone arrow hits the orc!
You kill the orc!
Vehumet accepts your kill.
The goblin shouts!
Something hits you. Something barely misses you.
Things that are here:
a +0 mace; an orc corpse You miss something.
Something hits you.
You closely miss something. You squeeze something. Something hits you.
The goblin closely misses you.
Casting: Stone Arrow (dangerous; 10% risk of failure)
Confirm with . or Enter, or press ? or * to list all spells.
Aiming: Stone Arrow (dangerous; 10% risk of failure)
Press: ? - help, Shift-Dir - straight line The stone arrow hits something!
Something hits you.
* * * LOW HITPOINT WARNING * * *
The goblin hits you but does no damage.
Unknown command.
You hear some strange, mumbled words.
Something tries to affect you, but you resist.
The goblin attacks as it pursues you! The goblin hits you with a +0 dagger.
* * * LOW HITPOINT WARNING * * *
You closely miss the goblin. Your grab misses the goblin. You hit the goblin.
You kill the goblin!
Vehumet accepts your kill.
You hear some strange, mumbled words.
A puff of flame appears from out of thin air!
The puff of flame hits you!
You die...

..........##..#.#.#)
#...# #.###.##.#.#. #...#
#............ #.).#
###)##...#... #.).#
#.......#.##
#)..#####..#.##.....
#.{.##.##).#....##..
####)##...#.....#.....
#$...@..>.....#.#.##..
.......#.........#......#
...#.#.............##.>..
.. #.##.........##......#
# #.##...##....#.##.. #.
#.##.#.##.#....#
.....###........#..
##.#### #..##.##.#.. ..
#...........


There were no monsters in sight!

Vanquished Creatures
  A scorpion (D:4)
  An orc priest (D:4)
  A hound (D:4)
  Robin (D:3)
  6 adders
  2 worms (D:3)
  2 dart slugs
  5 orcs
  5 endoplasms
  5 giant cockroaches
  18 goblins
  7 hobgoblins
  A quokka (D:2)
  3 ball pythons
  4 bats
  3 frilled lizards
  4 kobolds
  12 rats
81 creatures vanquished.

Notes
Turn   | Place    | Note
-------+----------+-------------------------------------------
     0 | D:1      | Ekaitz the Octopode Earth Elementalist began the quest for
                  | the Orb.
     0 | D:1      | Reached XP level 1. HP: 11/11 MP: 3/3
   140 | D:1      | Reached XP level 2. HP: 16/17 MP: 5/5
   143 | D:1      | Learned a level 2 spell: Passwall
   923 | D:2      | Reached XP level 3. HP: 21/21 MP: 3/6
   934 | D:2      | Learned a level 3 spell: Stone Arrow
  1077 | D:2      | Identified the ring of Luh Ecoo {rC+ rN+ Str+6 Int-3 Dex+2}
  1352 | D:2      | Found a hide-covered altar of Uskayaw.
  1363 | D:2      | Reached XP level 4. HP: 27/27 MP: 7/7
  1586 | D:3      | Found a bloodstained altar of Trog.
  1670 | D:3      | Found an ornate altar of the Wu Jian Council.
  1670 | D:3      | Noticed Robin
  1685 | D:3      | Reached skill level 1 in Conjurations
  1688 | D:3      | Killed Robin
  1847 | D:3      | Found a glowing silver altar of Zin.
  1847 | D:3      | Found a glowing golden altar of the Shining One.
  1854 | D:3      | Found a white marble altar of Elyvilon.
  1975 | D:3      | Reached XP level 5. HP: 23/32 MP: 2/8
  2214 | D:4      | Found a staircase to the Ecumenical Temple.
  2222 | Temple   | Entered the Ecumenical Temple
  2286 | Temple   | Became a worshipper of Vehumet
  2362 | D:4      | Reached skill level 1 in Fighting
  2462 | D:4      | Reached skill level 1 in Shapeshifting
  2462 | D:4      | Reached XP level 6. HP: 24/38 MP: 8/10
  2469 | D:4      | Learned a level 4 spell: Brom's Barrelling Boulder
  2617 | D:4      | Killed from afar by an orc wizard

Illustrated notes

Levels and vault maps discovered:
D:1:      eino_arrival_cavern_a, layout_rooms
D:2:      layout_loops_cross, basic_altar, minmay_tetromino_o4
D:3:      layout_rooms, good_gods_mini_temple, lemuel_crystal_altar,
          nicolae_wu_jian_glorious_leap, minivault_4, uniq_robin
D:4:      layout_loops_cross, minmay_temple_entry_ruins
Temple:   hellmonk_temple_beads

Skill      XL: |  1  2  3  4  5  6 |
---------------+-------------------+-----
Stealth        | 3 4 |  4.1
Conjurations   | 1 2 |  2.2
Fighting       | 1 |  1.2
Shapeshifting  | 1 |  1.1
Earth Magic    | 4 |  4.0
Short Blades   | |  0.8
Dodging        | |  2.7
Unarmed Combat | |  0.4
Spellcasting   | |  2.7
Transmutations | |  1.4

Action                     |  1- 3 |  4- 6 || total
---------------------------+-------+-------++-------
  Melee: Dagger            |    38 |    58 ||    96
         Tentacles         |     6 |    11 ||    17
         Unarmed           |     3 |       ||     3
         Constrict         |     9 |    13 ||    22
   Cast: Sandblast         |    14 |    11 ||    25
         Passwall          |     7 |     9 ||    16
         Stone Arrow       |       |     8 ||     8
   Stab: Sleeping          |    15 |    11 ||    26
 Armour: Skin              |     6 |    30 ||    36
  Dodge: Dodged            |    11 |    27 ||    38

Table legend: (Time is in decaauts)
 A = Elapsed time spent in this place.
 B = Non-inter-level travel time spent in this place.
 C = Inter-level travel time spent in this place.
 D = Time resting spent in this place.
 E = Time spent auto-exploring this place.
 F = Levels seen in this place.
 G = Mean time per level.
                   A        B        C        D        E       F      G
               +--------+--------+--------+--------+--------+-----+--------+
         Total |   2622 |   2407 |    215 |    103 |   1665 |   5 |  524.4 |
       Dungeon |   2493 |   2405 |     88 |    103 |   1665 |   4 |  623.2 |
        Temple |    128 |      1 |    127 |      0 |      0 |   1 |  128.0 |
               +--------+--------+--------+--------+--------+-----+--------+

Top non-repeatable levels by time:
     D:3: 751 daAuts
     D:2: 744 daAuts
     D:1: 717 daAuts
     D:4: 280 daAuts
  Temple: 128 daAuts
